 Dungeon Crawl Stone Soup version 0.30-a0-469-g84de5afbc5 (webtiles) character file.

Game seed: 15934138792823667252

2793 kae the Destroyer (level 9, -5/45 HPs)
             Began as a Tengu Fire Elementalist on Dec 19, 2022.
             Was a Follower of Vehumet.
             Engulfed by a cloud of flame (26 damage)
             ... on level 9 of the Dungeon.
             The game lasted 00:09:14 (10486 turns).

kae the Destroyer (Tengu Fire Elementalist)        Turns: 10486, Time: 00:09:14

Health: -5/45      AC:  5    Str:  9    XL:     9   Next: 71%
Magic:  16/20      EV: 30    Int: 19    God:    Vehumet [*.....]
Gold:   548        SH:  0    Dex: 21    Spells: 9/22 levels left

rFire   . . .      SeeInvis .    n - +0 mace (spect)
rCold   . . .      Faith    .    (no shield)
rNeg    + . .      Spirit   .    F - +0 steam dragon scales
rPois   .          Reflect  .    (helmet restricted)
rElec   .          Harm     .    (no cloak)
rCorr   .          Rampage  .    (no gloves)
Will    .....                    (boots unavailable)
Stlth   ++........               A - amulet of the acrobat
HPRegen 0.27/turn                N - ring of positive energy
MPRegen 0.17/turn                D - +6 ring of dexterity

@: acrobatic, flying quickly and evasively, quick
A: beak, talons 3, nimble flight
a: Renounce Religion


You were on level 9 of the Dungeon.
You worshipped Vehumet.
Vehumet was aware of your devotion.
You visited 2 branches of the dungeon, and saw 10 of its levels.
You also visited: Sewer.

You collected 548 gold pieces.


Innate Abilities, Weirdness & Mutations

You have a beak for a mouth.
You have claws for feet.
Your magical nature lets you fly swiftly and evasively.


   Skills:
 - Level 2.1 Dodging
 - Level 2.0 Stealth
 + Level 7.1 Spellcasting
 + Level 9.8 Conjurations
 + Level 9.0 Fire Magic


You had 9 spell levels left.
You knew the following spells:

 Your Spells              Type           Power      Damage    Failure   Level
a - Foxfire               Conj/Fire      100%       2x1d9     1%          1
b - Scorch                Fire           82%        2d9       1%          2
c - Inner Flame           Hex/Fire       23%        N/A       4%          3
d - Flame Wave            Conj/Fire      42%        2d11      1%          4
e - Kindle Blastsparks    Fire/Tloc/Air  36%        2d13      9%          3

Your spell library contained the following spells:

 Spells                   Type           Power      Damage    Failure   Level
 Shock                    Conj/Air       100%       1d9       1%          1
 Magic Dart               Conj           100%       1d8       1%          1
 Searing Ray              Conj           88%        2d7       1%          2
 Fulminant Prism          Conj/Hex       12%        3d9       13%         4
 Frozen Ramparts          Ice            12%        1d2       30%         3
 Ice Form                 Ice/Tmut       6%         N/A       69%         4
 Summon Ice Beast         Ice/Summ       6%         N/A       69%         4

Inventory:

Hand Weapons
 n - a +0 spectral mace (weapon)
   (You took it off an orc on level 3 of the Dungeon)
Missiles
 c - 78 stones
 d - 2 javelins
 i - 8 boomerangs
 r - 2 throwing nets {=f!f}
 I - 12 poisoned darts
 L - 3 silver boomerangs
Armour
 a - a +0 robe
 F - +0 steam dragon scales (worn)
   (You found it on level 7 of the Dungeon)
Magical Staves
 E - a staff of cold {!a}
   (You found it on level 6 of the Dungeon)
Jewellery
 A - an amulet of the acrobat (around neck)
   (You found it on level 2 of the Dungeon)
 D - a +6 ring of dexterity (right hand)
   (You found it on level 8 of the Dungeon)
 N - a ring of positive energy (left hand)
   (You found it on level 7 of the Dungeon)
 T - an amulet of faith {!P}
   (You took it off a goblin on level 2 of the Dungeon)
Wands
 v - a wand of digging (11)
   (You found it on level 4 of the Dungeon)
 y - a wand of roots (2)
   (You took it off an orc on level 5 of the Dungeon)
 H - a wand of paralysis (11)
   (You found it on level 5 of the Dungeon)
Scrolls
 f - a scroll of immolation {!r!r}
 g - a scroll of butterflies
 j - 2 scrolls of noise {!r}
 m - 5 scrolls of teleportation {@r4}
 p - 6 scrolls of amnesia
 s - 3 scrolls of blinking {!r}
 w - 3 scrolls of magic mapping {!r}
 K - 2 scrolls of brand weapon
Potions
 b - a potion of magic
 h - a potion of degeneration {unknown}
 k - 2 potions of haste {@q3}
 l - 6 potions of flight
 o - a potion of resistance {unknown}
 q - 11 potions of curing {@q1}
 t - 4 potions of mutation {unknown}
 u - a potion of might
 x - a potion of brilliance {unknown}
 z - a potion of lignification {unknown}
 B - 4 potions of attraction {unknown}
 C - a potion of ambrosia {unknown}
 G - a potion of cancellation {unknown}
 J - a potion of invisibility {unknown}

Dungeon Overview and Level Annotations

Branches:
Dungeon (9/15) Zot: 26326  Temple (1/1) D:5 Zot: 5756    Lair (0/5) D:9
  Sewer (visited)
    Orc: D:9-12

Altars:
Ashenzari
Cheibriados
Dithmenos
Elyvilon
Fedhas
Gozag
Kikubaaqudgha
Makhleb
Nemelex Xobeh
Okawaru
Qazlal
Ru
Sif Muna
Trog
Vehumet
Wu Jian
Xom
Yredelemnul

Annotations:
D:2 1 runed translucent door, Crazy Yiuf
D:3 Sigmund
D:4 Ijyb
D:9 exclusion: acid dragon

#####...........^...[.
........................
..........#####.....####
...#......#...#..##.'...
..........#...#..##.#...
..........#...'..##.#...
......###.#...#..##.#...
.....§§§§.#...#.....#...
.....○†@..#...#.....#...
.....§§§..#...#.....#...
..........#####.....####
..........# #.........
......###.# #.###..###
...... #.# #.# #..###
...... .# #.# #.....
...... .+ #.###.....
#.........


There were no monsters in sight!


Message History

The orc warrior's fire resistance burns away.
The orc warrior hits you with a +0 flail!!
* * * LOW HITPOINT WARNING * * *
The orc warrior completely misses you. 😱 HP[-18] MP[-1]
You take 18 damage, and now have 11/45 hp.
MASSIVE DAMAGE!! (PAUSE)
You lost 1 mp, and now have 12/20 mp.
Unknown command.
Casting: Scorch (safe; 1% risk of failure)
Confirm with . or Enter, or press ? or * to list all spells.
Casting: Flame Wave (dangerous; 2% risk of failure)
Press: ? - help, Dir - look around, f - activate A wave of flame ripples out!
The flame wave engulfs the orc warrior!
The orc warrior is burned terribly! (Press . to intensify the flame waves.)
The orc warrior barely misses you. 😨 HP[+1] MP[-4]
You lost 4 mp, and now have 8/20 mp.
A wave of flame ripples out!
The flame wave engulfs the orc warrior but does no damage.
The orc warrior is no longer more vulnerable to fire.
The orc warrior closely misses you. 😨 MP[-1]
You lost 1 mp, and now have 7/20 mp.
A wave of flame ripples out!
The flame wave engulfs the orc warrior.
You finish channelling waves of flame.
The orc warrior misses you. 😨 MP[-1]
You lost 1 mp, and now have 6/20 mp.
Casting: Flame Wave (dangerous; 2% risk of failure)
Confirm with . or Enter, or press ? or * to list all spells.
Casting: Flame Wave (dangerous; 2% risk of failure)
Press: ? - help, Dir - look around, f - activate A wave of flame ripples out!
The flame wave engulfs the orc warrior!
You kill the orc warrior!
Vehumet accepts your kill. (Press . to intensify the flame waves.)
Your Fire Magic skill increases to level 9! 😨 MP[-4]
You lost 4 mp, and now have 2/20 mp.
Key pressed, stopping explore.
There is an open door here.
Things that are here:
a +0 whip; a +0 leather armour; an orc corpse
There is an open door here.
Things that are here:
a +0 whip; a +0 leather armour; an orc corpse
Things that are here:
a +0 flail; a +0 plate armour; an orc corpse Key pressed, stopping explore.
Unknown command. 😎 HP[+33] MP[+18]
Your hp is fully restored (45).
Your mp is fully restored (20).
There is an open door here.
You reach down and open the door.
There is an open door here.
A troll comes into view.
The troll shouts!
A troll is nearby!
A troll is nearby!
A troll is nearby!
A troll is nearby!
Casting: Flame Wave (dangerous; 1% risk of failure)
Confirm with . or Enter, or press ? or * to list all spells.
Aiming: Inner Flame (dangerous; 4% risk of failure)
Press: ? - help, Dir - move target, f - troll
Aim: a troll (chance to affect: 78%)
The troll is filled with an inner flame. 😎 MP[-3]
You lost 3 mp, and now have 17/20 mp.
Casting: Inner Flame (dangerous; 4% risk of failure)
Confirm with . or Enter, or press ? or * to list all spells.
You conjure some foxfire!
The foxfire hits the troll.
Flame seeps out of the troll.
The foxfire hits the troll!
Flame seeps out of the troll.
The troll is engulfed in blazing flames.
Flame seeps out of the troll. 😎 MP[-1]
You lost 1 mp, and now have 16/20 mp.
Casting: Foxfire (safe; 1% risk of failure)
Confirm with . or Enter, or press ? or * to list all spells.
You conjure some foxfire!
The foxfire hits the troll but does no damage.
The foxfire hits the troll.
Flame seeps out of the troll.
The troll is engulfed in blazing flames.
Flame seeps out of the troll. 😎 MP[-1]
You lost 1 mp, and now have 15/20 mp.
Casting: Foxfire (safe; 1% risk of failure)
Confirm with . or Enter, or press ? or * to list all spells.
Flames lash the troll.
Vehumet accepts your kill.
You feel your power returning.
The troll explodes!
The fiery explosion engulfs you!!
Ouch! That really hurt!
* * * LOW HITPOINT WARNING * * *
You are engulfed in blazing flames.
Ouch! That really hurt!
You die...

Skill      XL: |  1  2  3  4  5  6  7  8  9 |
---------------+----------------------------+-----
Conjurations   | 2 3 4 5 6 8 9 |  9.8
Fire Magic     | 4 5 6 7 9 |  9.0
Spellcasting   | 3 4 6 7 |  7.1
Dodging        | |  2.1
Stealth        | |  2.0

Action                   |  1- 3 |  4- 6 |  7- 9 || total
-------------------------+-------+-------+-------++-------
Melee: Kick              |     1 |     5 |     4 ||    10
       Unarmed           |     1 |     3 |       ||     4
       Mace              |       |    11 |    15 ||    26
       Peck              |       |     2 |     7 ||     9
 Cast: Foxfire           |    71 |   143 |    99 ||   313
       Scorch            |     2 |    15 |    40 ||    57
       Flame Wave        |       |       |    10 ||    10
       Inner Flame       |       |       |     1 ||     1
Evoke: Wand              |       |       |     3 ||     3
  Use: Scroll            |       |    10 |     4 ||    14
       Potion            |       |     1 |     2 ||     3
Armor: Robe              |     3 |     4 |     1 ||     8
       Steam dragon scal |       |       |    14 ||    14
Dodge: Dodged            |     8 |    52 |   110 ||   170

Levels and vault maps discovered:
D:1:      nicolae_arrival_kraken_aquarium_a, layout_basic, serial_forest,
          infiniplex_forest_clump_large, infiniplex_forest_corner_2,
          infiniplex_forest_straight_2, infiniplex_forest_lined_3_way,
          infiniplex_forest_zigzag_2, infiniplex_forest_zigzag_2,
          infiniplex_forest_corner_1, minmay_misc_feat_square,
          hangedman_abyss_or_decor_lesser_grid
D:2:      layout_loops_ring, basic_altar, minmay_between,
          uniq_crazy_yiuf_cottage
D:3:      layout_basic, nrook_mini_vaults, uniq_sigmund
D:4:      layout_cave_pools, portal_sewer_entry_d, uniq_ijyb
D:5:      layout_rooms, mainiacjoe_overflow_swirl, minmay_temple_entry_grid
D:6:      layout_loops_ring, serial_co_window_serial, co_window_paths_a,
          co_window_of_opportunity_a, co_window_corner_a,
          co_window_of_opportunity_a, co_window_corner_a, co_window_corner_a,
          co_window_paths_a, co_window_broadway_c, co_window_of_opportunity_c,
          co_window_corner_ca, co_window_of_opportunity_b, co_window_corner_cb,
          co_window_cross_4, co_window_2corner, co_window_paths_d,
          chequers_jeans, eino_small_chamber_without_monster
D:7:      layout_cave_pools, mainiacjoe_overflow_large_starburst
D:8:      layout_loops_ring
D:9:      layout_stronghold, chequers_temple_overflow_statue_of_worship,
          lair_entry_dummy
Temple:   dpeg_chambers_temple

Notes
Turn   | Place    | Note
-------+----------+-------------------------------------------
     0 | D:1      | kae the Tengu Fire Elementalist began the quest for the
                  | Orb.
     0 | D:1      | Reached XP level 1. HP: 10/10 MP: 4/4
     0 | D:1      | Noticed a naga
     0 | D:1      | Noticed an ogre
     0 | D:1      | Noticed a human
     0 | D:1      | Noticed a dwarf
     0 | D:1      | Noticed a dwarf
     0 | D:1      | Noticed a kraken
     0 | D:1      | Noticed an elf
     0 | D:1      | Noticed a ghoul
     0 | D:1      | Noticed a troll
     0 | D:1      | Noticed a demonspawn
     0 | D:1      | Noticed a dwarf
     0 | D:1      | Noticed a demonspawn
     0 | D:1      | magus.rc [v1.11.3]
     3 | D:1      | Killed a dwarf
     6 | D:1      | Killed a human
     8 | D:1      | Killed a dwarf
    10 | D:1      | Killed an ogre
    12 | D:1      | Killed a naga
    13 | D:1      | Killed a dwarf
    13 | D:1      | Killed a demonspawn
    16 | D:1      | Killed a ghoul
    16 | D:1      | Killed a kraken
   175 | D:1      | Reached XP level 2. HP: 15/15 MP: 0/6
   298 | D:1      | Reached skill level 2 in Conjurations
   949 | D:1      | Reached XP level 3. HP: 19/19 MP: 3/7
   952 | D:1      | Learned a level 2 spell: Scorch
   956 | D:1      | Learned a level 3 spell: Inner Flame
  1750 | D:2      | Reached skill level 4 in Fire Magic
  2064 | D:2      | Reached skill level 3 in Conjurations
  2064 | D:2      | Reached XP level 4. HP: 24/24 MP: 3/9
  2157 | D:2      | Found a stormy altar of Qazlal.
  2159 | D:2      | You pick up a book of Rime and begin reading...
  2159 | D:2      | You add the spells Frozen Ramparts, Ice Form and Summon Ice
                  | Beast to your library.
  2632 | D:2      | Found a runed translucent door.
  2633 | D:2      | Noticed Crazy Yiuf
  2684 | D:2      | Reached skill level 3 in Spellcasting
  2816 | D:3      | Gained mutation: Your magical nature lets you fly swiftly
                  | and evasively. [Tengu growth]
  2816 | D:3      | Reached XP level 5. HP: 28/28 MP: 6/10
  3471 | D:3      | HP: 6/28 [orc/+0 hand axe (6)]
  3884 | D:3      | Noticed Sigmund
  3902 | D:3      | Learned a level 4 spell: Flame Wave
  4164 | D:4      | Reached skill level 4 in Conjurations
  4181 | D:3      | Reached skill level 5 in Fire Magic
  4181 | D:3      | Reached XP level 6. HP: 22/32 MP: 1/12
  4335 | D:4      | You pick up a book of Conjurations and begin reading...
  4335 | D:4      | You add the spells Magic Dart, Searing Ray and Fulminant
                  | Prism to your library.
  4391 | D:4      | Found a glowing drain.
  4419 | Sewer    | Entered a sewer
  4964 | Sewer    | Reached skill level 4 in Spellcasting
  4964 | Sewer    | Reached skill level 5 in Conjurations
  5027 | Sewer    | Reached XP level 7. HP: 32/36 MP: 8/14
  5239 | D:4      | Reached skill level 6 in Conjurations
  5324 | D:4      | Reached skill level 6 in Fire Magic
  5713 | D:4      | Noticed Ijyb
  5893 | D:5      | Entered Level 5 of the Dungeon
  6011 | D:5      | Reached XP level 8. HP: 41/41 MP: 10/16
  6073 | D:5      | Reached skill level 5 in Spellcasting
  6118 | D:5      | Found a staircase to the Ecumenical Temple.
  6143 | Temple   | Entered the Ecumenical Temple
  6384 | Temple   | Became a worshipper of Vehumet
  6534 | D:5      | Reached skill level 7 in Conjurations
  6671 | D:5      | Reached skill level 7 in Fire Magic
  6850 | D:5      | Found an ancient bone altar of Kikubaaqudgha.
  6864 | D:5      | Found an iron altar of Okawaru.
  6980 | D:6      | Learned a level 3 spell: Kindle Blastsparks
  8143 | D:7      | Found a shimmering blue altar of Sif Muna.
  8203 | D:7      | Reached skill level 8 in Conjurations
  8433 | D:7      | Reached skill level 6 in Spellcasting
  8446 | D:7      | Found a broken altar of Ashenzari.
  8514 | D:7      | Reached XP level 9. HP: 45/45 MP: 15/19
  8526 | D:7      | Reached skill level 8 in Fire Magic
  9012 | D:8      | Reached * piety under Vehumet
  9012 | D:8      | Offered knowledge of Shock by Vehumet.
  9013 | D:8      | Reached skill level 9 in Conjurations
  9437 | D:8      | You pick up a book of Conjurations and begin reading...
  9865 | D:9      | HP: 8/45 [poisoned by a killer bee]
  9867 | D:9      | Reached skill level 7 in Spellcasting
  9870 | D:9      | HP: 9/45 [poisoned by a killer bee]
  9875 | D:9      | HP: 4/45 [poisoned by a killer bee]
 10145 | D:9      | Found a staircase to the Lair.
 10282 | D:9      | HP: 11/45 [orc warrior/+0 flail (18)]
 10288 | D:9      | Reached skill level 9 in Fire Magic
 10480 | D:9      | Noticed a troll
 10486 | D:9      | Killed a troll
 10486 | D:9      | Engulfed by a cloud of flame

Vanquished Creatures
  A troll (D:9)
  2 steam dragons (D:7)
  A water moccasin (D:5)
  An orc warrior (D:9)
  A sky beast (D:8)
  An ice beast (D:7)
  2 black bears
  2 ogres (D:5)
  2 centaurs
  2 kobold brigands (D:8)
  4 bullfrogs
  6 killer bees (D:9)
  A gnoll bouda (D:4)
  8 orc priests
  2 hounds
  3 jellies
  3 iguanas
  4 orc wizards
  12 adders
  8 gnolls
  A shadow imp (D:7)
  An ufetubus (D:5)
  A worm (D:2)
  4 dart slugs
  27 orcs
  9 ball pythons
  5 bats
  23 endoplasms
  18 giant cockroaches
  7 goblins
  2 hobgoblins
  18 kobolds
  10 quokkas
  7 frilled lizards
  4 rats
203 creatures vanquished.

Vanquished Creatures (collateral kills)
  2 foxfires (D:1)
2 creatures vanquished.

Vanquished Creatures (others)
  A kraken (D:1)
  A ghoul (D:1)
  A demonspawn (D:1)
  A human (D:1)
  A naga (D:1)
  3 dwarves (D:1)
  An ogre (D:1)
  An orc (D:1)
  532 foxfires
  A plant (D:1)
  8 tentacles (D:1)
551 creatures vanquished.

Grand Total: 756 creatures vanquished

Table legend:
 A = Non-vault XP
 B = Vault XP
 C = Vault XP percentage of total XP
 D = Non-vault monster count
 E = Vault monster count
 F = Vault count percentage of total count
                 A         B        C        D         E       F
            +---------+---------+-------+---------+---------+-------
      Total |    3994 |     303 |   7.1 |     154 |      49 |  24.1
            +---------+---------+-------+---------+---------+-------
        D:1 |      46 |       0 |   0.0 |      22 |       0 |   0.0
        D:2 |      85 |      20 |  19.0 |      20 |       4 |  16.7
        D:3 |     155 |       0 |   0.0 |      24 |       0 |   0.0
        D:4 |     497 |      13 |   2.5 |      19 |       1 |   5.0
        D:5 |     608 |       0 |   0.0 |      16 |       0 |   0.0
        D:6 |     138 |       0 |   0.0 |       6 |       0 |   0.0
        D:7 |     876 |       0 |   0.0 |      11 |       0 |   0.0
        D:8 |     727 |       0 |   0.0 |      26 |       0 |   0.0
        D:9 |     862 |       0 |   0.0 |      10 |       0 |   0.0
      Sewer |       0 |     270 | 100.0 |       0 |      44 | 100.0
            +---------+---------+-------+---------+---------+-------

Illustrated notes

Table legend:
 A = Kills in this place as a percentage of kills in entire the game.
 B = Kills by you in this place as a percentage of kills by you in the entire game.
 C = Kills by friends in this place as a percentage of kills by friends in the entire game.
 D = Other kills in this place as a percentage of other kills in the entire game.
 E = Experience gained in this place as a percentage of experience gained in the entire game.
 F = Experience gained in this place divided by the number of levels of this place that you have seen.
                   A       B       C       D       E      F
               +-------+-------+-------+-------+-------+----------------------
         Total | 100.0 | 100.0 |   N/A |   N/A | 100.0 | 390.6
       Dungeon |  78.3 |  78.3 |   N/A |   N/A |  93.7 | 447.4
         Sewer |  21.7 |  21.7 |   N/A |   N/A |   6.3 | 270.0
               +-------+-------+-------+-------+-------+----------------------

Table legend: (Time is in decaauts)
 A = Elapsed time spent in this place.
 B = Non-inter-level travel time spent in this place.
 C = Inter-level travel time spent in this place.
 D = Time resting spent in this place.
 E = Time spent auto-exploring this place.
 F = Levels seen in this place.
 G = Mean time per level.
                   A        B        C        D        E       F      G
               +--------+--------+--------+--------+--------+-----+--------+
         Total |  10013 |   9574 |    439 |    560 |   7607 |  11 |  910.3 |
       Dungeon |   9115 |   8700 |    415 |    560 |   6954 |   9 | 1012.8 |
        Temple |    243 |    219 |     24 |      0 |    201 |   1 |  243.0 |
         Sewer |    654 |    654 |      0 |      0 |    451 |   1 |  654.0 |
               +--------+--------+--------+--------+--------+-----+--------+

Top non-repeatable levels by time:
     D:2: 1538 daAuts
     D:1: 1370 daAuts
     D:3: 1271 daAuts
     D:6: 1035 daAuts
     D:4: 988 daAuts
     D:8: 953 daAuts
     D:7: 795 daAuts
     D:5: 671 daAuts
   Sewer: 654 daAuts
     D:9: 492 daAuts
  Temple: 243 daAuts
